AoeStats
← maimadana

Arabia

510615314Analyzed
1v1 RM · 1d ago on Oct 1, 2026· 32m 10s· 2 players
Game mode
Random Map
Map size
Tiny (2 player)
Population
200
Speed
Normal
Resources
Standard
Victory
Conquest
Starting age
Dark Age
Ending age
Imperial Age
RankedLock teamsTeams togetherTeam positionsShared explorationLock speedFull tech treeHidden civsTurbo modeCheats
Victory
Defeat
🇦🇷 Khmer · Argentina
827
+16
🇨🇿 Italians · Czechia
821
-16
maimadana
5:07 Loom
10:36 Feudal Age
11:58 Double-Bit Axe
12:31 Horse Collar
21:58 Castle Age
20:48 Gold Mining
20:57 Fletching
22:22 Crossbowman
22:37 Pikeman
25:31 Scale Mail Armor
ElPeter22
6:01 Loom
10:11 Feudal Age
10:40 Double-Bit Axe
10:39 Horse Collar
16:42 Forging
20:49 Castle Age
19:39 Gold Mining
19:43 Stone Mining
20:06 Scale Barding Armor
22:01 Chain Barding Armor
21:57 Bow Saw
24:05 Gold Shaft Mining
27:11 Husbandry
29:10 Bloodlines
29:54 Iron Casting
29:54 Fletching
Connection lost

Rejoining the realm…

Still unreachable

The connection could not be restored.

Session expired

The server has moved on; the page needs a fresh start.